| TOP OF THE 1ST |
|
San Diego Padres batting - Pitching for San Francisco Giants : RHP Ted Mosley
|
|
Pitching: RHP Ted Mosley
|
|
|
Batting: LHB Per Meulengracht
|
0-0: Ground out U3 (Groundball, 3, EV 96.2 MPH)
|
|
Batting: LHB Kevin Bellman
|
0-0: Called Strike 0-1: Swinging Strike 0-2: Ground out 5-3 (Groundball, 56, EV 98.8 MPH)
|
|
Batting: SHB Jerry Luckwell
|
0-0: Ball 1-0: Ball 2-0: Called Strike 2-1: Foul Ball, location: 2F 2-2: Foul Ball, location: 2F 2-2: Ball 3-2: SINGLE (Groundball, 15S, EV 67.5 MPH) (infield hit)
|
|
Batting: LHB Mike Holt
|
0-0: Ground out 4-3 (Groundball, 4, EV 100.6 MPH)
|
| Top of the 1st over - 0 runs, 1 hit, 0 errors, 1 left on base; San Diego 0 - San Francisco 0 |
| BOTTOM OF THE 1ST |
|
San Francisco Giants batting - Pitching for San Diego Padres : RHP Toby Williams
|
|
Pitching: RHP Toby Williams
|
|
|
Batting: RHB Jason May
|
0-0: Ball 1-0: Ball 2-0: Foul Ball, location: 2F 2-1: SINGLE (Line Drive, 7S, EV 88.8 MPH)
|
|
Batting: SHB Ryan Doss
|
0-0: Swinging Strike 0-1: Ball 1-1: Ball 2-1: Foul Ball, location: 2F 2-2: Fly out, F6 (Popup, P, EV 78.1 MPH)
|
|
Batting: LHB Jack Henningar
|
0-0: Ball 1-0: Called Strike 1-1: Grounds into double play, 3-6-3 (Groundball, 3, EV 83.8 MPH)
|
| Bottom of the 1st over - 0 runs, 1 hit, 0 errors, 0 left on base; San Diego 0 - San Francisco 0 |
| TOP OF THE 2ND |
|
San Diego Padres batting - Pitching for San Francisco Giants : RHP Ted Mosley
|
|
Batting: RHB Cesar Breceda
|
0-0: Ground out U3 (Groundball, 13, EV 86.2 MPH)
|
|
Batting: LHB Xavier Pittman
|
0-0: Called Strike 0-1: Ball 1-1: Ground out 4-3 (Groundball, 4, EV 90.6 MPH)
|
|
Batting: LHB Andy Bowman
|
0-0: Ball 1-0: Ball 2-0: DOUBLE (Line Drive, 9LS, EV 106.9 MPH)
|
|
Batting: RHB Alois Wollf
|
0-0: Ground out 5-3 (Groundball, 5S, EV 86.9 MPH)
|
| Top of the 2nd over - 0 runs, 1 hit, 0 errors, 1 left on base; San Diego 0 - San Francisco 0 |
| BOTTOM OF THE 2ND |
|
San Francisco Giants batting - Pitching for San Diego Padres : RHP Toby Williams
|
|
Batting: LHB Willis Robles
|
0-0: Called Strike 0-1: Ball 1-1: Swinging Strike 1-2: Fly out, F5 (Popup, 15S, EV 90.0 MPH)
|
|
Batting: RHB Nick Rigden
|
0-0: Ball 1-0: Called Strike 1-1: Called Strike 1-2: Ball 2-2: Strikes out looking
|
|
Batting: LHB John Blair
|
0-0: Ball 1-0: Called Strike 1-1: Foul Ball, location: 2F 1-2: Ball 2-2: Foul Ball, location: 2F 2-2: DOUBLE (Flyball, 89D, EV 106.9 MPH)
|
|
Batting: RHB Nate Hodson
|
0-0: Ball 1-0: Fly out, F8 (Flyball, 8LD, EV 105.6 MPH)
|
| Bottom of the 2nd over - 0 runs, 1 hit, 0 errors, 1 left on base; San Diego 0 - San Francisco 0 |
| TOP OF THE 3RD |
|
San Diego Padres batting - Pitching for San Francisco Giants : RHP Ted Mosley
|
|
Batting: RHB Alberto Cotto
|
0-0: Called Strike 0-1: Ball 1-1: Foul Ball, location: 2F 1-2: Ball 2-2: Fly out, F9 (Line Drive, 9, EV 100.0 MPH)
|
|
Batting: LHB Per Meulengracht
|
0-0: Foul Ball, location: 2F 0-1: Ball 1-1: Ball 2-1: Ground out 4-3 (Groundball, 4MD, EV 94.4 MPH)
|
|
Batting: LHB Kevin Bellman
|
0-0: Called Strike 0-1: Ball 1-1: TRIPLE (Flyball, 8LXD, EV 96.2 MPH)
|
|
Batting: SHB Jerry Luckwell
|
0-0: Ball 1-0: Ball 2-0: Ball 3-0: Called Strike 3-1: Swinging Strike 3-2: Fly out, F8 (Line Drive, 8LD, EV 91.9 MPH)
|
| Top of the 3rd over - 0 runs, 1 hit, 0 errors, 1 left on base; San Diego 0 - San Francisco 0 |
| BOTTOM OF THE 3RD |
|
San Francisco Giants batting - Pitching for San Diego Padres : RHP Toby Williams
|
|
Batting: RHB Bobby Scholl
|
0-0: Ball 1-0: Ball 2-0: Ball 3-0: Called Strike 3-1: Ground out 4-3 (Groundball, 4S, EV 86.2 MPH)
|
|
Batting: SHB Bill Dooms
|
0-0: Ball 1-0: Called Strike 1-1: Swinging Strike 1-2: Ball 2-2: Strikes out looking
|
|
Batting: RHB Jason May
|
0-0: Ball 1-0: Fly out, F9 (Flyball, 89XD, EV 89.4 MPH)
|
| Bottom of the 3rd over - 0 runs, 0 hits, 0 errors, 0 left on base; San Diego 0 - San Francisco 0 |
| TOP OF THE 4TH |
|
San Diego Padres batting - Pitching for San Francisco Giants : RHP Ted Mosley
|
|
Batting: LHB Mike Holt
|
0-0: Foul Ball, location: 2F 0-1: Ball 1-1: Called Strike 1-2: Ball 2-2: Foul Ball, location: 2F 2-2: Fly out, F9 (Line Drive, 9D, EV 88.1 MPH)
|
|
Batting: RHB Cesar Breceda
|
0-0: Fly out, F4 (Flyball, 34D, EV 94.4 MPH)
|
|
Batting: LHB Xavier Pittman
|
0-0: Called Strike 0-1: Foul Ball, location: 2F 0-2: DOUBLE (Line Drive, 78D, EV 111.9 MPH)
|
|
Batting: LHB Andy Bowman
|
0-0: Ball 1-0: Fly out, F3 (Popup, 3S, EV 68.1 MPH)
|
| Top of the 4th over - 0 runs, 1 hit, 0 errors, 1 left on base; San Diego 0 - San Francisco 0 |
| BOTTOM OF THE 4TH |
|
San Francisco Giants batting - Pitching for San Diego Padres : RHP Toby Williams
|
|
Batting: SHB Ryan Doss
|
0-0: Ball 1-0: Called Strike 1-1: Swinging Strike 1-2: Foul Ball, location: 2F 1-2: Ball 2-2: Ball 3-2: Ground out 6-3 (Groundball, 4, EV 80.6 MPH)
|
|
Batting: LHB Jack Henningar
|
0-0: Ball 1-0: Ground out 4-3 (Groundball, 4, EV 90.6 MPH)
|
|
Batting: LHB Willis Robles
|
0-0: Ball 1-0: Called Strike 1-1: Called Strike 1-2: Foul Ball, location: 2F 1-2: Foul Ball, location: 2F 1-2: Ball 2-2: Fly out, F8 (Line Drive, 8RD, EV 101.2 MPH)
|
| Bottom of the 4th over - 0 runs, 0 hits, 0 errors, 0 left on base; San Diego 0 - San Francisco 0 |
| TOP OF THE 5TH |
|
San Diego Padres batting - Pitching for San Francisco Giants : RHP Ted Mosley
|
|
Batting: RHB Alois Wollf
|
0-0: Foul Ball, location: 2F 0-1: Ground out 6-3 (Groundball, 6S, EV 63.1 MPH)
|
|
Batting: RHB Alberto Cotto
|
0-0: Called Strike 0-1: Swinging Strike 0-2: Strikes out swinging
|
|
Batting: LHB Per Meulengracht
|
0-0: SINGLE (Groundball, 34D, EV 93.8 MPH)
|
|
Batting: LHB Kevin Bellman
|
0-0: Ball 1-0: Ball 2-0: Swinging Strike 2-1: SINGLE (Flyball, 8RS, EV 88.8 MPH) Per Meulengracht to second
|
|
Batting: SHB Jerry Luckwell
|
0-0: Called Strike 0-1: Ball 1-1: Swinging Strike 1-2: Strikes out swinging
|
| Top of the 5th over - 0 runs, 2 hits, 0 errors, 2 left on base; San Diego 0 - San Francisco 0 |
| BOTTOM OF THE 5TH |
|
San Francisco Giants batting - Pitching for San Diego Padres : RHP Toby Williams
|
|
Batting: RHB Nick Rigden
|
0-0: Ball 1-0: Ground out 6-3 (Groundball, 6, EV 97.5 MPH)
|
|
Batting: LHB John Blair
|
0-0: Called Strike 0-1: Foul Ball, location: 2F 0-2: Ball 1-2: Ball 2-2: Ball 3-2: Strikes out swinging
|
|
Batting: RHB Nate Hodson
|
0-0: Swinging Strike 0-1: SINGLE (Groundball, 56, EV 103.8 MPH) (infield hit)
|
|
Batting: RHB Bobby Scholl
|
0-0: Ball 1-0: Ground out 6-3 (Groundball, 6S, EV 91.9 MPH)
|
| Bottom of the 5th over - 0 runs, 1 hit, 0 errors, 1 left on base; San Diego 0 - San Francisco 0 |
| TOP OF THE 6TH |
|
San Diego Padres batting - Pitching for San Francisco Giants : RHP Ted Mosley
|
|
Batting: LHB Mike Holt
|
0-0: Ball 1-0: Foul Ball, location: 2F 1-1: Foul Ball, location: 2F 1-2: Foul Ball, location: 2F 1-2: Ground out 4-3 (Groundball, 4, EV 86.2 MPH)
|
|
Batting: RHB Cesar Breceda
|
0-0: Ball 1-0: Swinging Strike 1-1: DOUBLE (Line Drive, 7LM, EV 107.5 MPH)
|
|
Batting: LHB Xavier Pittman
|
0-0: Ball 1-0: Foul Ball, location: 2F 1-1: Called Strike Cesar Breceda steals 3rd base 1-2: Hit by Pitch
|
|
Batting: LHB Andy Bowman
|
0-0: Fly out, F7 (Flyball, 7, EV 89.4 MPH) Runner from 3rd tags up, SCORES, throw by LF
|
|
Batting: RHB Alois Wollf
|
0-0: Called Strike 0-1: Called Strike 0-2: Strikes out swinging
|
| Top of the 6th over - 1 run, 1 hit, 0 errors, 1 left on base; San Diego 1 - San Francisco 0 |
| BOTTOM OF THE 6TH |
|
San Francisco Giants batting - Pitching for San Diego Padres : RHP Toby Williams
|
|
Batting: SHB Bill Dooms
|
0-0: SINGLE (Flyball, 8LS, EV 90.0 MPH)
|
|
Batting: RHB Jason May
|
0-0: Ball 1-0: Called Strike 1-1: Ball 2-1: Ball 3-1: Base on Balls Bill Dooms to second
|
|
Batting: SHB Ryan Doss
|
0-0: Fly out, F8 (Flyball, 89XD, EV 99.4 MPH) Runner from 2nd tags up, SAFE at 3rd, no throw by CF
|
|
Batting: LHB Jack Henningar
|
0-0: Called Strike 0-1: Called Strike 0-2: Ball 1-2: Ball 2-2: Foul Ball, location: 2F 2-2: Ball 3-2: Foul Ball, location: 2F 3-2: SINGLE (Line Drive, 78S, EV 96.2 MPH) Bill Dooms scores Jason May to second
|
|
Batting: LHB Willis Robles
|
0-0: Called Strike 0-1: Called Strike 0-2: Foul Ball, location: 2F 0-2: Strikes out swinging
|
|
Batting: RHB Nick Rigden
|
0-0: Foul Ball, location: 2F 0-1: Foul Ball, location: 2F 0-2: Foul Ball, location: 2F 0-2: DOUBLE (Line Drive, 78D, EV 112.5 MPH) Jason May scores Jack Henningar to third Runner from 3rd tries for Home, SAFE, no throw by LF
|
|
Batting: LHB John Blair
|
0-0: Called Strike 0-1: Ball 1-1: Foul Ball, location: 2F 1-2: Ball 2-2: Strikes out swinging
|
| Bottom of the 6th over - 3 runs, 3 hits, 0 errors, 1 left on base; San Diego 1 - San Francisco 3 |
| TOP OF THE 7TH |
|
San Diego Padres batting - Pitching for San Francisco Giants : RHP Ted Mosley
|
|
Batting: RHB Alberto Cotto
|
0-0: Fly out, F8 (Line Drive, 8RM, EV 94.4 MPH)
|
|
Batting: LHB Per Meulengracht
|
0-0: Ball 1-0: Ball 2-0: SINGLE (Groundball, 34D, EV 86.2 MPH) (infield hit)
|
|
Batting: LHB Kevin Bellman
|
0-0: Grounds into double play, 4-6-3 (Groundball, 4, EV 105.0 MPH)
|
| Top of the 7th over - 0 runs, 1 hit, 0 errors, 0 left on base; San Diego 1 - San Francisco 3 |
| BOTTOM OF THE 7TH |
|
San Francisco Giants batting - Pitching for San Diego Padres : RHP Toby Williams
|
|
Batting: RHB Nate Hodson
|
0-0: Called Strike 0-1: Fly out, F4 (Flyball, 4MD, EV 90.6 MPH)
|
|
Batting: RHB Bobby Scholl
|
0-0: Ball 1-0: DOUBLE (Line Drive, 7LS, EV 105.6 MPH)
|
|
Pitching: LHP Tommy Hall
|
|
|
Batting: SHB Bill Dooms
|
0-0: Foul Ball, location: 2F 0-1: Ball 1-1: Called Strike 1-2: Ball 2-2: Ball 3-2: Foul Ball, location: 2F 3-2: Ground out 5-3 (Groundball, 56, EV 102.5 MPH)
|
|
Batting: RHB Jason May
|
0-0: Called Strike 0-1: Ball 1-1: Ball 2-1: Ball 3-1: Base on Balls
|
|
Batting: SHB Ryan Doss
|
0-0: Ball 1-0: Called Strike 1-1: Ground out 6-3 (Groundball, 6S, EV 62.5 MPH)
|
| Bottom of the 7th over - 0 runs, 1 hit, 0 errors, 2 left on base; San Diego 1 - San Francisco 3 |
| TOP OF THE 8TH |
|
San Diego Padres batting - Pitching for San Francisco Giants : RHP Ted Mosley
|
|
Batting: SHB Jerry Luckwell
|
0-0: Swinging Strike 0-1: SINGLE (Line Drive, 8LS, EV 94.4 MPH)
|
|
Pitching: RHP Andrew Kindig
|
|
|
Batting: LHB Mike Holt
|
0-0: Called Strike 0-1: Called Strike 0-2: Ball Pickoff Throw by Catcher to First - Error! E2 Jerry Luckwell to second 1-2: Ball 2-2: Foul Ball, location: 2F 2-2: Ball 3-2: Base on Balls
|
|
Batting: RHB Cesar Breceda
|
0-0: Foul Ball, location: 2F 0-1: Fly out, F9 (Flyball, 9LS, EV 92.5 MPH)
|
|
Batting: LHB Xavier Pittman
|
0-0: Ball 1-0: Ball 2-0: Ball 3-0: Called Strike 3-1: Called Strike 3-2: Strikes out looking
|
|
Pitching: LHP Tyler Stancil
|
|
|
Pinch Hitting: RHB Chiel Palstermans
|
0-0: DOUBLE (Line Drive, 3D, EV 97.5 MPH) Jerry Luckwell scores Mike Holt to third
|
|
Batting: RHB Alois Wollf
|
0-0: Ball 1-0: Foul Ball, location: 2F 1-1: Foul Ball, location: 2F 1-2: Foul Ball, location: 2F 1-2: Strikes out swinging
|
| Top of the 8th over - 1 run, 2 hits, 1 error, 2 left on base; San Diego 2 - San Francisco 3 |
| BOTTOM OF THE 8TH |
|
San Francisco Giants batting - Pitching for San Diego Padres : LHP Tommy Hall
|
|
Now in CF: Chris Moody
|
|
|
Batting: LHB Jack Henningar
|
0-0: Ball 1-0: SINGLE (Groundball, 4MS, EV 64.4 MPH) (infield hit)
|
|
Batting: LHB Willis Robles
|
0-0: Foul Ball, location: 2F 0-1: Ball 1-1: Ball 2-1: Grounds into double play, 5-6-3 (Groundball, 56S, EV 89.4 MPH)
|
|
Batting: RHB Nick Rigden
|
0-0: Called Strike 0-1: Ball 1-1: Ball 2-1: Called Strike 2-2: Fly out, F7 (Flyball, 7D, EV 96.2 MPH)
|
| Bottom of the 8th over - 0 runs, 1 hit, 0 errors, 0 left on base; San Diego 2 - San Francisco 3 |
| TOP OF THE 9TH |
|
San Diego Padres batting - Pitching for San Francisco Giants : LHP Tyler Stancil
|
|
Pitching: RHP Micah Teller
|
|
|
Batting: RHB Alberto Cotto
|
0-0: Foul Ball, location: 2F 0-1: Ball 1-1: Foul Ball, location: 2F 1-2: Ball 2-2: Foul Ball, location: 2F 2-2: Strikes out swinging
|
|
Batting: LHB Per Meulengracht
|
0-0: Ball 1-0: Ball 2-0: Foul Ball, location: 2F 2-1: Swinging Strike 2-2: Foul Ball, location: 2F 2-2: Ball 3-2: Strikes out swinging
|
|
Batting: LHB Kevin Bellman
|
0-0: Ball 1-0: Foul Ball, location: 2F 1-1: Ball 2-1: Foul Ball, location: 2F 2-2: Foul Ball, location: 2F 2-2: Strikes out swinging
|
| Top of the 9th over - 0 runs, 0 hits, 0 errors, 0 left on base; San Diego 2 - San Francisco 3 |
|